TOP OF THE 1ST |
Augusta GreenJackets batting - Pitching for Peoria Chiefs : RHP El-Shamy Saami
|
Pitching: RHP El-Shamy Saami
|
|
Batting: LHB Kevin Kantor
|
0-0: Ball 1-0: Ball 2-0: Ball 3-0: Base on Balls
|
Batting: RHB Lucan Esini
|
0-0: Called Strike 0-1: Ball 1-1: Called Strike 1-2: Ball 2-2: Ball 3-2: Strikes out looking Kevin Kantor steals 2nd base (no throw) Batter strikes out.
|
Batting: LHB Gabe Velez
|
0-0: Called Strike 0-1: Swinging Strike 0-2: Ball 1-2: Ground out 1-3 (Groundball, 13S, EV 73.1 MPH) Kevin Kantor to third
|
Batting: RHB Chris King
|
0-0: Called Strike 0-1: Called Strike 0-2: Strikes out swinging
|
Top of the 1st over - 0 runs, 0 hits, 0 errors, 1 left on base; Augusta 0 - Peoria 0 |
BOTTOM OF THE 1ST |
Peoria Chiefs batting - Pitching for Augusta GreenJackets : RHP Ignacio Gomez
|
Pitching: RHP Ignacio Gomez
|
|
Batting: LHB Ichiro Toyota
|
0-0: Ball 1-0: Swinging Strike 1-1: Foul Ball, location: 2F 1-2: Ball 2-2: Foul Ball, location: 2F 2-2: Ground out 6-3 (Groundball, 6M, EV 88.8 MPH)
|
Batting: RHB Melvin Enriquez
|
0-0: Called Strike 0-1: Ball 1-1: Ball 2-1: Foul Ball, location: 2F 2-2: Foul Ball, location: 2F 2-2: Ball 3-2: SINGLE (Flyball, 34D, EV 89.4 MPH)
|
Batting: LHB Shigeru Ono
|
0-0: Ball 1-0: Ball 2-0: Foul Ball, location: 2F 2-1: Ball Melvin Enriquez steals 2nd base 3-1: SINGLE (Groundball, 34D, EV 106.9 MPH) Melvin Enriquez to third
|
Batting: RHB Terry Baginski
|
0-0: Called Strike 0-1: Foul Ball, location: 2F 0-2: Ball 1-2: Strikes out looking
|
Batting: RHB Travis Leonard
|
0-0: Ball 1-0: Swinging Strike 1-1: Foul Ball, location: 2F 1-2: Strikes out swinging
|
Bottom of the 1st over - 0 runs, 2 hits, 0 errors, 2 left on base; Augusta 0 - Peoria 0 |
TOP OF THE 2ND |
Augusta GreenJackets batting - Pitching for Peoria Chiefs : RHP El-Shamy Saami
|
Batting: RHB Mike Buchanan
|
0-0: Ball 1-0: Ball 2-0: Foul Ball, location: 2F 2-1: Foul Ball, location: 2F 2-2: Ball 3-2: Strikes out looking
|
Batting: RHB Justin Baldwin
|
0-0: Called Strike 0-1: SINGLE (Line Drive, 56, EV 95.0 MPH)
|
Batting: RHB Davey Beeson
|
0-0: Ball 1-0: Foul Ball, location: 2F 1-1: Grounds into double play, 5-4-3 (Groundball, 56, EV 98.8 MPH)
|
Top of the 2nd over - 0 runs, 1 hit, 0 errors, 0 left on base; Augusta 0 - Peoria 0 |
BOTTOM OF THE 2ND |
Peoria Chiefs batting - Pitching for Augusta GreenJackets : RHP Ignacio Gomez
|
Batting: LHB Ken Compton
|
0-0: Called Strike 0-1: Foul Ball, location: 2F 0-2: Ground out 3-1 (Groundball, 34S, EV 68.8 MPH)
|
Batting: RHB Dan Boykins
|
0-0: Swinging Strike 0-1: SINGLE (Groundball, 6MD, EV 111.9 MPH)
|
Batting: SHB Josh Conner
|
0-0: Ball 1-0: Swinging Strike 1-1: Ball 2-1: Swinging Strike 2-2: Ball 3-2: Base on Balls Dan Boykins to second
|
Batting: RHB Justin Reich
|
0-0: Called Strike 0-1: Ball 1-1: Fielders Choice at 3rd, U5 (Groundball, 5L, EV 86.2 MPH) Josh Conner to second
|
Batting: LHB Ichiro Toyota
|
0-0: Called Strike 0-1: Foul Ball, location: 2F 0-2: Foul Ball, location: 2F 0-2: Fielders Choice at 2nd, U6 (Groundball, 6M, EV 80.0 MPH)
|
Bottom of the 2nd over - 0 runs, 1 hit, 0 errors, 2 left on base; Augusta 0 - Peoria 0 |
TOP OF THE 3RD |
Augusta GreenJackets batting - Pitching for Peoria Chiefs : RHP El-Shamy Saami
|
Batting: RHB Juan Flores
|
0-0: Ball 1-0: Ball 2-0: Foul Ball, location: 2F 2-1: Ball 3-1: Ground out 5-3 (Groundball, 5, EV 82.5 MPH)
|
Batting: RHB Devin Lowery
|
0-0: Called Strike 0-1: Ball 1-1: Swinging Strike 1-2: Foul Ball, location: 2F 1-2: SINGLE (Line Drive, 4D, EV 100.0 MPH)
|
Batting: LHB Kevin Kantor
|
0-0: Foul Ball, location: 2F 0-1: Called Strike 0-2: Fly out, F7 (Flyball, 78S, EV 91.2 MPH)
|
Batting: RHB Lucan Esini
|
0-0: Called Strike 0-1: Ball 1-1: Ball Devin Lowery is caught stealing 2nd base 2-4
|
Top of the 3rd over - 0 runs, 1 hit, 0 errors, 0 left on base; Augusta 0 - Peoria 0 |
BOTTOM OF THE 3RD |
Peoria Chiefs batting - Pitching for Augusta GreenJackets : RHP Ignacio Gomez
|
Batting: RHB Melvin Enriquez
|
0-0: Ball 1-0: Fly out, F8 (Flyball, 78XD, EV 111.2 MPH)
|
Batting: LHB Shigeru Ono
|
0-0: Called Strike 0-1: Ball 1-1: SINGLE (Flyball, 34D, EV 96.9 MPH)
|
Batting: RHB Terry Baginski
|
0-0: Ball 1-0: Foul Ball, location: 2F 1-1: Ball 2-1: Called Strike 2-2: Ball 3-2: 2-RUN HOME RUN (Flyball, 9D, EV 96.2 MPH), Distance : 361 ft
|
Batting: RHB Travis Leonard
|
0-0: SINGLE (Groundball, 6M, EV 84.4 MPH) (infield hit)
|
Batting: LHB Ken Compton
|
0-0: Called Strike 0-1: Fly out, F8 (Flyball, 8RM, EV 73.1 MPH)
|
Batting: RHB Dan Boykins
|
0-0: Called Strike Travis Leonard steals 2nd base 0-1: Swinging Strike 0-2: Ball 1-2: Strikes out swinging
|
Bottom of the 3rd over - 2 runs, 3 hits, 0 errors, 1 left on base; Augusta 0 - Peoria 2 |
TOP OF THE 4TH |
Augusta GreenJackets batting - Pitching for Peoria Chiefs : RHP El-Shamy Saami
|
Batting: RHB Lucan Esini
|
0-0: Swinging Strike 0-1: Foul Ball, location: 2F 0-2: Ball 1-2: Strikes out swinging
|
Batting: LHB Gabe Velez
|
0-0: Ball 1-0: Ball 2-0: Foul Ball, location: 2F 2-1: Foul Ball, location: 2F 2-2: Fly out, F8 (Flyball, 89S, EV 99.4 MPH)
|
Batting: RHB Chris King
|
0-0: Ball 1-0: Called Strike 1-1: Foul Ball, location: 2F 1-2: Ball 2-2: DOUBLE (Line Drive, 89XD, EV 108.1 MPH)
|
Batting: RHB Mike Buchanan
|
0-0: Foul Ball, location: 2F 0-1: Swinging Strike 0-2: Ball 1-2: Ball 2-2: Ball 3-2: Strikes out swinging
|
Top of the 4th over - 0 runs, 1 hit, 0 errors, 1 left on base; Augusta 0 - Peoria 2 |
BOTTOM OF THE 4TH |
Peoria Chiefs batting - Pitching for Augusta GreenJackets : RHP Ignacio Gomez
|
Batting: SHB Josh Conner
|
0-0: Ball 1-0: Foul Ball, location: 2F 1-1: Ball 2-1: Ball 3-1: Ground out 4-3 (Groundball, 34, EV 90.0 MPH)
|
Batting: RHB Justin Reich
|
0-0: Called Strike 0-1: Ball 1-1: Foul Ball, location: 2F 1-2: Ball 2-2: Ball 3-2: Fly out, F6 (Popup, 4MD, EV 65.0 MPH)
|
Batting: LHB Ichiro Toyota
|
0-0: Ball 1-0: Ball 2-0: Called Strike 2-1: Foul Ball, location: 2F 2-2: Ball 3-2: Foul Ball, location: 2F 3-2: Strikes out swinging
|
Bottom of the 4th over - 0 runs, 0 hits, 0 errors, 0 left on base; Augusta 0 - Peoria 2 |
TOP OF THE 5TH |
Augusta GreenJackets batting - Pitching for Peoria Chiefs : RHP El-Shamy Saami
|
Batting: RHB Justin Baldwin
|
0-0: Ball 1-0: Ball 2-0: Called Strike 2-1: Foul Ball, location: 2F 2-2: Foul Ball, location: 2F 2-2: Foul Ball, location: 2F 2-2: Ball 3-2: Base on Balls
|
Batting: RHB Davey Beeson
|
0-0: Ball Wild Pitch! Justin Baldwin to second 1-0: SINGLE (Line Drive, 34D, EV 96.2 MPH) Justin Baldwin to third Runner from 3rd tries for Home, SAFE, throw by RF to home
|
Pitching: LHP Luis Herrera
|
|
Batting: RHB Juan Flores
|
0-0: Ball 1-0: Hit by Pitch Davey Beeson to second
|
Batting: RHB Devin Lowery
|
0-0: Ball 1-0: Ball 2-0: Foul Ball, location: 2F 2-1: Foul Ball, location: 2F 2-2: Strikes out looking
|
Batting: LHB Kevin Kantor
|
0-0: Fly out, F6 (Popup, 6M, EV 71.2 MPH)
|
Batting: RHB Lucan Esini
|
0-0: Called Strike 0-1: Ball 1-1: Fly out, F8 (Flyball, 89XD, EV 101.9 MPH)
|
Top of the 5th over - 1 run, 1 hit, 0 errors, 2 left on base; Augusta 1 - Peoria 2 |
BOTTOM OF THE 5TH |
Peoria Chiefs batting - Pitching for Augusta GreenJackets : RHP Ignacio Gomez
|
Batting: RHB Melvin Enriquez
|
0-0: Ground out 6-3 (Groundball, 6D, EV 103.1 MPH)
|
Batting: LHB Shigeru Ono
|
0-0: Ball 1-0: Fly out, F8 (Flyball, 8RXD, EV 81.9 MPH)
|
Batting: RHB Terry Baginski
|
0-0: Foul Ball, location: 2F 0-1: Foul Ball, location: 2F 0-2: Ball 1-2: Strikes out looking
|
Bottom of the 5th over - 0 runs, 0 hits, 0 errors, 0 left on base; Augusta 1 - Peoria 2 |
TOP OF THE 6TH |
Augusta GreenJackets batting - Pitching for Peoria Chiefs : LHP Luis Herrera
|
Batting: LHB Gabe Velez
|
0-0: Ball 1-0: Ball 2-0: Ground out U3 (Groundball, 34S, EV 93.8 MPH)
|
Batting: RHB Chris King
|
0-0: Foul Ball, location: 2F 0-1: Swinging Strike 0-2: Ball 1-2: Strikes out swinging
|
Batting: RHB Mike Buchanan
|
0-0: Foul Ball, location: 2F 0-1: Ball 1-1: Foul Ball, location: 2F 1-2: Ball 2-2: DOUBLE (Line Drive, 7LM, EV 101.9 MPH)
|
Batting: RHB Justin Baldwin
|
0-0: Ground out 6-3 (Groundball, 6S, EV 79.4 MPH)
|
Top of the 6th over - 0 runs, 1 hit, 0 errors, 1 left on base; Augusta 1 - Peoria 2 |
BOTTOM OF THE 6TH |
Peoria Chiefs batting - Pitching for Augusta GreenJackets : RHP Ignacio Gomez
|
Batting: RHB Travis Leonard
|
0-0: Ball 1-0: Foul Ball, location: 2F 1-1: Ball 2-1: Ground out 3-1 (Groundball, 34, EV 100.0 MPH)
|
Batting: LHB Ken Compton
|
0-0: Called Strike 0-1: Called Strike 0-2: Fly out, F5 (Popup, 5F, EV 61.2 MPH)
|
Batting: RHB Dan Boykins
|
0-0: Ball 1-0: Ball 2-0: Called Strike 2-1: Ball 3-1: Ground out U3 (Groundball, 3L, EV 76.2 MPH)
|
Bottom of the 6th over - 0 runs, 0 hits, 0 errors, 0 left on base; Augusta 1 - Peoria 2 |
TOP OF THE 7TH |
Augusta GreenJackets batting - Pitching for Peoria Chiefs : LHP Luis Herrera
|
Batting: RHB Davey Beeson
|
0-0: Called Strike 0-1: Ball 1-1: Ball 2-1: Swinging Strike 2-2: DOUBLE (Flyball, 89XD, EV 105.6 MPH)
|
Batting: RHB Juan Flores
|
0-0: Called Strike 0-1: Called Strike 0-2: Ground out 5-3 (Groundball, 56S, EV 82.5 MPH)
|
Batting: RHB Devin Lowery
|
0-0: Foul Ball, location: 2F 0-1: Ball 1-1: Foul Ball, location: 2F 1-2: Ball 2-2: SINGLE (Groundball, 6D, EV 100.6 MPH) Davey Beeson to third Runner from 3rd tries for Home, SAFE, throw by CF to home Devin Lowery to second
|
Batting: LHB Kevin Kantor
|
0-0: Ball 1-0: Called Strike 1-1: Ground out 3-1 (Groundball, 34S, EV 88.8 MPH) Devin Lowery to third
|
Batting: RHB Lucan Esini
|
0-0: Intentional Walk
|
Pinch Hitting: RHB Drew Duncan
|
0-0: Ball 1-0: Ball 2-0: Fly out, F8 (Flyball, 78D, EV 91.2 MPH)
|
Top of the 7th over - 1 run, 2 hits, 0 errors, 2 left on base; Augusta 2 - Peoria 2 |
BOTTOM OF THE 7TH |
Peoria Chiefs batting - Pitching for Augusta GreenJackets : RHP Ignacio Gomez
|
Pitching: LHP Kyle Worford
|
|
Now in RF: John Whitman
|
|
Batting: SHB Josh Conner
|
0-0: Ball 1-0: Foul Ball, location: 2F 1-1: Called Strike 1-2: Ball 2-2: Ball 3-2: Strikes out swinging
|
Batting: RHB Justin Reich
|
0-0: Ball 1-0: SINGLE (Groundball, 6M, EV 83.1 MPH) (infield hit)
|
Batting: LHB Ichiro Toyota
|
0-0: Called Strike 0-1: Ball 1-1: Swinging Strike 1-2: Ball Justin Reich steals 2nd base 2-2: Ball 3-2: Base on Balls
|
Batting: RHB Melvin Enriquez
|
0-0: Ball 1-0: Foul Ball, location: 2F 1-1: Called Strike 1-2: Ball 2-2: Foul Ball, location: 2F 2-2: Foul Ball, location: 2F 2-2: Ball 3-2: Strikes out swinging
|
Pitching: RHP Ron Riley
|
|
Batting: LHB Shigeru Ono
|
0-0: Called Strike 0-1: Swinging Strike 0-2: Ball 1-2: Strikes out swinging
|
Bottom of the 7th over - 0 runs, 1 hit, 0 errors, 2 left on base; Augusta 2 - Peoria 2 |
TOP OF THE 8TH |
Augusta GreenJackets batting - Pitching for Peoria Chiefs : LHP Luis Herrera
|
Pitching: RHP Cory Falcon
|
|
Batting: RHB Chris King
|
0-0: Swinging Strike 0-1: Swinging Strike 0-2: Foul Ball, location: 2F 0-2: Strikes out swinging
|
Batting: RHB Mike Buchanan
|
0-0: Ground out 6-3 (Groundball, 6, EV 87.5 MPH)
|
Batting: RHB Justin Baldwin
|
0-0: Ground out 5-3 (Groundball, 56, EV 85.6 MPH)
|
Top of the 8th over - 0 runs, 0 hits, 0 errors, 0 left on base; Augusta 2 - Peoria 2 |
BOTTOM OF THE 8TH |
Peoria Chiefs batting - Pitching for Augusta GreenJackets : RHP Ron Riley
|
Pitching: LHP Matt Wass
|
|
Batting: RHB Terry Baginski
|
0-0: Ball 1-0: Called Strike 1-1: Foul Ball, location: 2F 1-2: SOLO HOME RUN (Flyball, 9LD, EV 94.4 MPH), Distance : 340 ft
|
Batting: RHB Travis Leonard
|
0-0: Called Strike 0-1: Ball 1-1: Ball 2-1: Foul Ball, location: 2F 2-2: Foul Ball, location: 2F 2-2: Strikes out swinging
|
Batting: LHB Ken Compton
|
0-0: Ball 1-0: SINGLE (Groundball, 23, EV 75.0 MPH) (infield hit)
|
Batting: RHB Dan Boykins
|
0-0: Ball 1-0: Called Strike Ken Compton is caught stealing 2nd base 2-4 1-1: Ball 2-1: Called Strike 2-2: Foul Ball, location: 2F 2-2: Strikes out looking
|
Bottom of the 8th over - 1 run, 2 hits, 0 errors, 0 left on base; Augusta 2 - Peoria 3 |
TOP OF THE 9TH |
Augusta GreenJackets batting - Pitching for Peoria Chiefs : RHP Cory Falcon
|
Pitching: LHP Nick Suggett
|
|
Batting: RHB Davey Beeson
|
0-0: Fly out, F8 (Flyball, 8RXD, EV 102.5 MPH)
|
Batting: RHB Juan Flores
|
0-0: SINGLE (Line Drive, 6D, EV 101.2 MPH)
|
Batting: RHB Devin Lowery
|
0-0: Ball 1-0: Foul Ball, location: 2F 1-1: Ball 2-1: Foul Ball, location: 2F 2-2: Strikes out swinging
|
Batting: LHB Kevin Kantor
|
0-0: Ball 1-0: Called Strike 1-1: Foul Ball, location: 2F 1-2: Foul Ball, location: 2F 1-2: Strikes out swinging
|
Top of the 9th over - 0 runs, 1 hit, 0 errors, 1 left on base; Augusta 2 - Peoria 3 |
|